 Dungeon Crawl Stone Soup version 0.24-a0-245-gb50751227d (webtiles) character file.

Game seed: 15738099135430802433

53 Redear the Sneak (level 3, 0/21 HPs)
             Began as an Octopode Earth Elementalist on Apr 12, 2019.
             Killed from afar by an orc wizard (10 damage)
             ... with a puff of frost
             ... on level 2 of the Dungeon.
             The game lasted 00:02:36 (992 turns).

Redear the Sneak (Octopode Earth Elementalist)       Turns: 992, Time: 00:02:37

Health: 0/21       AC:  1    Str:  8    XL:     3   Next: 87%
Magic:  1/6        EV: 13    Int: 17    God:
Gold:   112        SH:  0    Dex: 12    Spells: 3/7 levels left

rFire    . . .     SeeInvis .   (no weapon)
rCold    . . .     Gourm    .   (no shield)
rNeg     . . .     Faith    .   (helmet restricted)
rPois    .         Spirit   .   (no amulet)
rElec    .         Reflect  .   (no ring)
rCorr    .         Harm     .   (no ring)
MR       .....                  (no ring)
Stlth    +++.......             (no ring)
HPRegen  0.07/turn              (no ring)
MPRegen  0.10/turn              (no ring)
                                (no ring)
                                (no ring)

@: no status effects
A: almost no armour, stealthy swim, amphibious, 8 rings, constrict 8, camouflage
1, gelatinous body 1
a: no special abilities


You were on level 2 of the Dungeon.
You were hungry.

You visited 1 branch of the dungeon, and saw 2 of its levels.

You collected 112 gold pieces.

Inventory:

Hand Weapons
 c - a +1 vampiric short sword {!w}
 n - a +0 vampiric short sword {!w}
Missiles
 m - 15 stones (quivered)
Scrolls
 g - 6 scrolls of amnesia {unknown}
 h - a scroll of enchant weapon {unknown}
 j - 3 scrolls of remove curse {unknown}
 k - a scroll of teleportation {unknown}
 l - a scroll of magic mapping {unknown}
Potions
 a - a potion of might {unknown}
 b - a potion of ambrosia {unknown}
 d - 2 potions of curing {unknown}
 e - a potion of invisibility {unknown}
 f - a potion of mutation {unknown}
 i - a potion of lignification {unknown}
Comestibles
 z - 5 rations


   Skills:
 + Level 2.5 Dodging
 + Level 3.8 Stealth
 + Level 2.5 Spellcasting
   Level 1.0 Transmutations
 + Level 3.4 Earth Magic


You had 3 spell levels left.
You knew the following spells:

 Your Spells              Type           Power        Failure   Level  Hunger
a - Sandblast             Erth           ##....       4%          1    #......
b - Stone Arrow           Conj/Erth      #.....       26%         3    ###....

Your spell library contained the following spells:

 Spells                   Type           Power        Failure   Level  Hunger
 Passwall                 Tmut/Erth      #.......     11%         2    ##.....
 Petrify                  Tmut/Erth      #.......     58%         4    #####..
 Lee's Rapid Deconstruct  Erth           ##........   77%         5    ######.


Dungeon Overview and Level Annotations

Branches:
Dungeon (2/15)

Altars:


Innate Abilities, Weirdness & Mutations

You cannot wear most types of armour.
You are very stealthy in the water. (Stealth+)
You are amphibious.
You can wear up to eight rings at the same time.
You can use your tentacles to constrict eight enemies at once.
Your skin changes colour to match your surroundings (Stealth+).
Your rubbery body absorbs attacks. (AC +1, EV +1)


Message History

You are too injured to fight recklessly!
You are too injured to fight recklessly!
You are too injured to fight recklessly!
You are too injured to fight recklessly!
You are too injured to fight recklessly!
You are too injured to fight recklessly!
You are too injured to fight recklessly!
You are too injured to fight recklessly!
You are too injured to fight recklessly!
You are too injured to fight recklessly!
You are too injured to fight recklessly!
You are too injured to fight recklessly!
You are too injured to fight recklessly!
You are too injured to fight recklessly!
You are too injured to fight recklessly!
Unknown command.
An orc comes into view.
The orc wizard casts a spell at you. The puff of frost hits you!
You die...

#.......#.# #######....
#.#.. #############.###
#.............###
######.#####.#####....
#.......####.#####.###
#(####..#.......##.#
#.@....##.##.##.#
#....ooo#..####.##.##.#
#.##.####o............#
# ...####.##.##.# ####
#.##.##.#
##########.##.##.#
#...........#.##<###
#......###..........
#...................


You could see an orc priest, an orc wizard and 2 orcs.

Vanquished Creatures
  An ooze (D:1)
  2 dart slugs
  2 leopard geckos (D:1)
  An orc (D:2)
  A giant cockroach (D:1)
  6 goblins
  6 hobgoblins
  4 quokkas (D:2)
  A ball python (D:1)
  7 bats
  3 frilled lizards
  3 kobolds
  2 rats (D:1)
39 creatures vanquished.

Notes
Turn   | Place    | Note
-------+----------+-------------------------------------------
     0 | D:1      | Redear the Octopode Earth Elementalist began the quest for
                  | the Orb.
     0 | D:1      | Reached XP level 1. HP: 11/11 MP: 3/3
    64 | D:1      | Reached skill level 3 in Stealth
    64 | D:1      | Reached XP level 2. HP: 17/17 MP: 0/5
   420 | D:1      | Reached XP level 3. HP: 21/21 MP: 4/6
   767 | D:2      | Learned a level 3 spell: Stone Arrow
   992 | D:2      | Killed from afar by an orc wizard

Levels and vault maps discovered:
D:1:      tarquinn_simple_flora_water_a, layout_loops_ring, minmay_pentomino_u4
D:2:      layout_loops_cross, first_ration, minmay_tall_x, uniq_jessica

Skill      XL: |  1 |
---------------+----+-----
Stealth        | 3 |  3.8
Dodging        | |  2.5
Spellcasting   | |  2.5
Transmutations | |  1.0
Earth Magic    | |  3.4

Action                   || total
-------------------------++-------
Melee: Unarmed           ||    39
       Constrict         ||    14
       Tentacles         ||     4
 Cast: Sandblast         ||    43
 Stab: Sleeping          ||     4
Armor: Skin              ||     2
Dodge: Dodged            ||    25

Table legend:
 A = Non-vault XP
 B = Vault XP
 C = Vault XP percentage of total XP
 D = Non-vault monster count
 E = Vault monster count
 F = Vault count percentage of total count
                 A         B        C        D         E       F
            +---------+---------+-------+---------+---------+-------
      Total |      71 |       5 |   6.6 |      36 |       3 |   7.7
            +---------+---------+-------+---------+---------+-------
        D:1 |      39 |       5 |  11.4 |      19 |       3 |  13.6
        D:2 |      32 |       0 |   0.0 |      17 |       0 |   0.0
            +---------+---------+-------+---------+---------+-------
